 Dungeon Crawl Stone Soup version 0.31-a0-920-g28cbb04a8c (webtiles) character file.

Game seed: 6903507172259167324

2046 Ahpoh the Carver (level 9, -9/71 HPs)
             Began as a Barachi Fighter on Oct 17, 2023.
             Was a Believer of Cheibriados.
             Mangled by a death yak (25 damage)
             ... on level 8 of the Dungeon.
             The game lasted 00:18:19 (6935 turns).

Ahpoh the Carver (Barachi Fighter)                  Turns: 6935, Time: 00:18:19

Health: -9/71      AC: 10    Str: 22    XL:     9   Next: 24%
Magic:  9/9        EV:  9    Int: 15    God:    Cheibriados [**....]
Gold:   261        SH:  6    Dex: 20    Spells: 8/8 levels left

rFire   . . .        o - +0 scimitar (heavy)
rCold   . . .        c - +0 buckler
rNeg    . . .        b - +0 scale mail
rPois   +            (no helmet)
rElec   .            (no cloak)
rCorr   .            r - +0 pair of gloves
SInv    .            E - +0 pair of boots
Will    .....        (no amulet) Stlth
                     G - ring of poison resistance
HPRegen 0.31/turn    (no ring)
MPRegen 0.11/turn

%: no passive effects
@: very slow
A: amphibious, slowness 1, strong legs 1, +LOS
a: Hop, Renounce Religion, Bend Time


You were on level 8 of the Dungeon.
You worshipped Cheibriados.
Cheibriados was pleased with you.
You visited 2 branches of the dungeon, and saw 9 of its levels.
You also visited: Sewer.

You collected 408 gold pieces.
You spent 147 gold pieces at shops.

Inventory:

Hand Weapons
 a - a +0 long sword
 o - a +0 heavy scimitar (weapon)
 D - a +1 heavy flail
Missiles
 f - 12 poisoned darts
 j - 2 curare-tipped darts
 k - 4 boomerangs (quivered)
Armour
 b - a +0 scale mail (worn)
 c - a +0 buckler (worn)
 r - a +0 pair of gloves (worn)
 E - a +0 pair of boots (worn)
Jewellery
 G - a ring of poison resistance (left hand)
Talismans
 v - a flux talisman
Wands
 l - a wand of flame (12)
 u - a wand of charming (7)
 F - a wand of polymorph (2)
 H - a wand of roots (2)
Scrolls
 e - 2 scrolls of enchant weapon
 g - a scroll of noise {unknown}
 h - 3 scrolls of fear {unknown}
 i - a scroll of poison {unknown}
 m - a scroll of torment {unknown}
 n - a scroll of enchant armour {unknown}
 q - 5 scrolls of identify
 s - a scroll of butterflies {unknown}
 t - 3 scrolls of acquirement {unknown}
 w - 2 scrolls of vulnerability {unknown}
 y - a scroll of blinking {unknown}
 C - a scroll of teleportation {unknown}
 K - a scroll of brand weapon {unknown}
Potions
 d - a potion of might
 p - 3 potions of curing {unknown}
 x - 2 potions of degeneration {unknown}
 z - a potion of magic {unknown}
 A - 2 potions of brilliance {unknown}
 B - a potion of berserk rage {unknown}
 I - a potion of cancellation {unknown}
 J - a potion of heal wounds {unknown}


   Skills:
 * Level 6.7 Fighting
 * Level 10.1 Long Blades
 + Level 0.1 Throwing
 * Level 7.8 Armour
 * Level 5.5 Shields
 + Level 0.1 Evocations


You had 8 spell levels left.
You didn't know any spells.
Your spell library contained the following spells:

 Spells                   Type           Power      Damage    Failure   Level
 Inner Flame              Hex/Fire       0%         N/A       92%         3
 Anguish                  Hex/Necr       0%         N/A       100%        4
 Cause Fear               Hex            0%         N/A       100%        4
 Flame Wave               Conj/Fire      0%         2d4       100%        4
 Sticky Flame             Conj/Fire      0%         2d3       100%        4
 Enfeeble                 Hex            0%         N/A       100%        7


Dungeon Overview and Level Annotations

Branches:
Dungeon (8/15)             Temple (1/1) D:5           Sewer (visited)
   Lair: D:8-11

Altars:
Ashenzari
Cheibriados
Dithmenos
Elyvilon
Fedhas
Gozag
Hepliaklqana
Kikubaaqudgha
Makhleb
Nemelex Xobeh
Okawaru
Qazlal
Ru
Sif Muna
Vehumet
Wu Jian
Xom
Yredelemnul
Zin
The Shining One

Shops:
D:3 (


Innate Abilities, Weirdness & Mutations

You are amphibious.
You cover ground slowly.
You can hop short distances.
You have an extended range of vision and can be seen from far away.


Message History

You feel yourself speed up.
The hornet stings you but does no damage.
The hornet stings you!
You feel yourself slow down. You block the hornet's attack.
You barely miss the hornet.
The hornet is severely wounded.
The hornet stings you. The hornet stings you!
You feel as though you will be slow longer.
The hornet stings you!
You feel as though you will be slow longer.
You barely miss the hornet.
The hornet is severely wounded.
The hornet stings you but does no damage.
You block the hornet's attack.
The hornet stings you but does no damage.
You slash the hornet!
You kill the hornet!
Cheibriados appreciates the change of pace.
Your Long Blades skill increases to level 10!
You feel yourself speed up.
HP restored.
A death yak comes into view.
You see here a hornet corpse.
You slice the death yak!!
The death yak is moderately wounded.
You block the death yak's attack. The death yak barely misses you.
You hit the death yak but do no damage.
The death yak is moderately wounded.
The death yak gores you!!
You slash the death yak!
The death yak is moderately wounded.
The death yak closely misses you.
You slash the death yak!
The death yak is heavily wounded.
The death yak gores you! The death yak gores you!!
* * * LOW HITPOINT WARNING * * *
You slash the death yak!
The death yak is severely wounded.
The death yak gores you!!
You die...

##....#
##.....##
##..##...#
##..####..###
###.###
##..## ##..##
##..# ##..##
##.# ##..##
#.. #.
###@### ##.
#.. ##.Y## #.
#..##..## #.
#..†## ##
##.## # #. #.
.. .. #


You could see a death yak.

Vanquished Creatures
  A hornet (D:8)
  Edmund (D:6)
  A water moccasin (D:5)
  A sky beast (D:6)
  An ice beast (D:5)
  A black bear (D:7)
  A centaur (D:7)
  2 phantoms
  3 bullfrogs
  2 scorpions
  2 howler monkeys
  4 jellies
  4 hounds
  An orc priest (D:6)
  3 sleepcaps
  5 iguanas
  An orc wizard (D:4)
  Terence (D:3)
  A gnoll (D:1)
  8 adders
  3 river rats
  2 ufetubi (D:7)
  A worm (D:2)
  11 orcs
  5 bats
  7 endoplasms
  4 giant cockroaches
  13 goblins
  9 hobgoblins
  3 jackals (D:5)
  A quokka (D:4)
  14 ball pythons
  9 frilled lizards
  3 kobolds
  6 rats
135 creatures vanquished.

Notes
Turn   | Place    | Note
-------+----------+-------------------------------------------
     0 | D:1      | Ahpoh the Barachi Fighter began the quest for the Orb.
     0 | D:1      | Reached XP level 1. HP: 18/18 MP: 1/1
    16 | D:1      | Reached XP level 2. HP: 15/25 MP: 2/2
   253 | D:1      | Reached XP level 3. HP: 27/30 MP: 3/3
   614 | D:2      | Reached skill level 3 in Long Blades
  1302 | D:2      | Reached XP level 4. HP: 37/37 MP: 4/4
  1685 | D:3      | Noticed Terence
  1696 | D:3      | Killed Terence
  1957 | D:3      | Reached skill level 4 in Long Blades
  2124 | D:3      | Found Iprom's Antique Weapon Boutique.
  2131 | D:3      | Bought a runed scimitar for 147 gold pieces
  2511 | D:4      | Reached XP level 5. HP: 43/43 MP: 5/5
  2825 | D:4      | Reached skill level 5 in Armour
  3472 | D:5      | Entered Level 5 of the Dungeon
  3503 | D:5      | Noticed a phantom
  3511 | D:5      | Killed a phantom
  3512 | D:5      | Reached skill level 5 in Long Blades
  3512 | D:5      | Reached XP level 6. HP: 49/49 MP: 6/6
  3632 | D:5      | Reached skill level 6 in Long Blades
  3844 | D:5      | Found a staircase to the Ecumenical Temple.
  3857 | D:5      | Reached XP level 7. HP: 21/55 MP: 7/7
  3863 | Temple   | Entered the Ecumenical Temple
  4009 | Temple   | Became a worshipper of Cheibriados the Contemplative
  4162 | D:5      | Reached skill level 5 in Fighting
  4329 | D:5      | Reached skill level 7 in Long Blades
  4576 | D:6      | Found a glowing drain.
  4596 | Sewer    | Entered a sewer
  4751 | Sewer    | Reached * piety under Cheibriados
  5099 | D:6      | Reached XP level 8. HP: 59/63 MP: 8/8
  5113 | D:6      | Reached skill level 8 in Long Blades
  5349 | D:6      | Noticed Edmund
  5355 | D:6      | Killed Edmund
  5356 | D:6      | Reached skill level 5 in Shields
  5978 | D:7      | Identified the "Fanim"
  5997 | D:7      | Found an ancient bone altar of Kikubaaqudgha.
  6034 | D:7      | Found a burning altar of Makhleb.
  6222 | D:7      | Reached skill level 9 in Long Blades
  6307 | D:7      | Reached ** piety under Cheibriados
  6383 | D:7      | Reached XP level 9. HP: 67/71 MP: 9/9
  6846 | D:8      | Noticed a hornet
  6852 | D:8      | Killed a hornet
  6853 | D:8      | Reached skill level 10 in Long Blades
  6924 | D:8      | Noticed a death yak
  6935 | D:8      | Mangled by a death yak

Illustrated notes

Levels and vault maps discovered:
D:1:      nzn_arrival_crosshair, layout_rooms, serial_bayou_pond_a,
          minmay_tetromino_s2
D:2:      layout_basic
D:3:      cheibrodos_helix_gallery, layout_basic, serial_shops, shop,
          uniq_terence
D:4:      layout_basic
D:5:      layout_cave_pools, minmay_temple_entry_gardened_gates
D:6:      layout_basic, serial_rivers, chequers_serial_rivers_micro_d,
          chequers_serial_rivers_small_b, chequers_serial_rivers_micro_e,
          chequers_serial_rivers_large_a, chequers_serial_rivers_micro_e,
          portal_sewer_entry_b, minivault_23, uniq_edmund
D:7:      layout_basic, kennysheep_mini_moat, mainiacjoe_overflow_paths,
          chequers_hall_statues_wall_a
D:8:      minmay_opposing_rooms, layout_cave_pods,
          eat_drink_and_be_merry_uskayaw, dpeg_lair_monsters, serial_shops,
          nicolae_shop_window_shopping, nicolae_shop_clearance
Temple:   mainiacjoe_temple_bowtie_tessellation

Skill      XL: |  1  2  3  4  5  6  7  8  9 |
---------------+----------------------------+-----
Armour         | 4 5 6 7 |  7.8
Fighting       | 4 5 6 |  6.7
Long Blades    | 3 4 5 6 7 9 10 | 10.1
Shields        | 4 5 |  5.5
Throwing       | |  0.1
Evocations     | |  0.1

Action                     |  1- 3 |  4- 6 |  7- 9 || total
---------------------------+-------+-------+-------++-------
  Melee: Long sword        |   113 |    66 |       ||   179
         Scimitar          |       |   100 |   163 ||   263
  Throw: Boomerang         |       |     7 |     1 ||     8
Ability: Hop               |       |     1 |     1 ||     2
  Evoke: Wand              |       |     1 |       ||     1
    Use: Scroll            |     1 |       |       ||     1
 Armour: Scale mail        |    63 |   158 |   138 ||   359
  Dodge: Dodged            |    46 |    78 |    82 ||   206
  Block: Buckler           |    25 |    43 |    46 ||   114

Table legend: (Time is in decaauts)
 A = Elapsed time spent in this place.
 B = Non-inter-level travel time spent in this place.
 C = Inter-level travel time spent in this place.
 D = Time resting spent in this place.
 E = Time spent auto-exploring this place.
 F = Levels seen in this place.
 G = Mean time per level.
                   A        B        C        D        E       F      G
               +--------+--------+--------+--------+--------+-----+--------+
         Total |   9103 |   8860 |    243 |    379 |   6329 |  10 |  910.3 |
       Dungeon |   8261 |   8099 |    162 |    328 |   5915 |   8 | 1032.6 |
        Temple |    226 |    146 |     80 |      0 |     64 |   1 |  226.0 |
         Sewer |    615 |    615 |      0 |     51 |    350 |   1 |  615.0 |
               +--------+--------+--------+--------+--------+-----+--------+

Top non-repeatable levels by time:
     D:6: 1600 daAuts
     D:4: 1213 daAuts
     D:3: 1197 daAuts
     D:7: 1187 daAuts
     D:2: 1031 daAuts
     D:5: 1003 daAuts
     D:1: 685 daAuts
   Sewer: 615 daAuts
     D:8: 343 daAuts
  Temple: 226 daAuts
